Map: New Repugnancy LE

Players

uThermal

  • Race: Terran Terran
  • Spawn Location: 1:00

Clem - Winner!

  • Race: Terran Terran
  • Spawn Location: 7:00

Event: 2019 WCS Summer

VOD

Have the link to the VOD?

Description

Time

  • Played on: July 13, 2019, 10:24 a.m.
  • Length: 16:46

All games in this series

Show
View Real Time Build Order
Export as new Build Order

uThermal Terran 

Build Orders: Cyclone Opening 

Get SALT Encoding   

  12  0:01  SCV  
  13  0:13  SCV  
  14  0:17  Supply Depot  
  14  0:25  SCV  
  15  0:28  Refinery  
  15  0:39  SCV  
  16  0:44  Barracks  
  16  0:51  SCV  
  16  0:55  Refinery  
  17  1:03  SCV  
  18  1:15  SCV  
  19  1:31  Orbital Command, Reaper  
  20  1:37  Factory  
  20  1:45  Supply Depot  
  20  1:58  SCV  
  21  2:04  Barracks Tech Lab  
  21  2:10  SCV  
  22  2:23  SCV  
  22  2:26  Cyclone  
  26  2:35  Command Center  
  26  2:38  SCV  
  26  2:42  Barracks Reactor  
  27  2:49  Supply Depot  
  27  2:50  SCV  
  28  2:59  Cyclone  
  31  3:08  Starport  
  31  3:11  SCV  
  32  3:18  Marine x2  
  34  3:23  SCV  
  35  3:33  Refinery  
  35  3:35  SCV  
  35  3:36  Marine x2  
  38  3:47  Orbital Command, SCV  
  39  3:51  Factory Tech Lab, Raven  
  39  3:54  Marine x2  
  43  3:59  SCV  
  37  4:10  Siege Tank  
  37  4:11  Marine  
  37  4:12  Marine, SCV  
  37  4:13  SCV  
  44  4:24  SCV  
  45  4:25  SCV  
  45  4:29  Marine x2  
  48  4:33  Supply Depot  
  48  4:34  Raven  
  48  4:36  SCV  
  50  4:47  Siege Tank  
  50  4:49  SCV  
  50  4:51  SCV  
  53  4:56  Marine  
  53  4:57  Marine, Command Center  
  55  5:03  SCV, Supply Depot  
  55  5:04  SCV  
  57  5:13  Refinery  
  57  5:19  SCV  
  58  5:22  SCV  
  58  5:23  Viking  
  58  5:25  Viking  
  58  5:26  Supply Depot  
  63  5:31  SCV  
  63  5:34  SCV  
  65  5:36  Siege Tank  
  68  5:44  SCV  
  68  5:46  SCV  
  68  5:49  Supply Depot  
  70  5:53  Viking  
  70  5:55  Viking  
  70  5:56  SCV  
  75  5:58  SCV  
  75  6:06  Armory x2  
  75  6:08  SCV  
  75  6:10  SCV  
  77  6:13  Siege Tank  
  80  6:20  SCV  
  80  6:22  SCV  
  80  6:24  Viking  
  84  6:25  Viking  
  84  6:28  Marine  
  84  6:32  SCV  
  88  6:34  SCV  
  87  6:44  SCV  
  87  6:45  Siege Tank  
  87  6:46  SCV  
  90  6:56  Terran Vehicle And Ship Armor Level 1, Terran Vehicle Weapons Level 1, SCV  
  90  6:58  SCV  
  92  7:03  Supply Depot  
  92  7:04  Supply Depot  
  92  7:05  Viking  
  92  7:08  Viking  
  96  7:10  Refinery  
  96  7:12  Orbital Command, Refinery  
  96  7:14  SCV  
  96  7:15  SCV  
  98  7:22  Engineering Bay  
  97  7:26  SCV  
  97  7:28  SCV  
  97  7:29  Siege Tank  
  102  7:34  Supply Depot  
  102  7:38  SCV  
  102  7:39  Viking x2  
  94  7:49  SCV  
  87  7:52  Marine  
  87  7:54  Liberator  
  87  7:55  SCV, Sensor Tower  
  89  8:01  Siege Tank, SCV, Supply Depot  
  93  8:09  SCV  
  96  8:13  Viking  
  98  8:24  SCV x2, Factory  
  98  8:25  Factory  
  100  8:30  Command Center  
  100  8:33  Siege Tank, SCV  
  104  8:37  SCV  
  103  8:43  SCV  
  103  8:45  SCV  
  100  8:49  SCV  
  100  8:51  Missile Turret  
  100  8:52  Terran Vehicle Weapons Level 2, Missile Turret  
  100  8:55  SCV  
  102  8:57  SCV  
  102  9:00  Missile Turret  
  102  9:01  Barracks Reactor, SCV  
  104  9:04  Refinery  
  104  9:05  Siege Tank  
  104  9:07  SCV  
  104  9:09  SCV  
  109  9:13  Siege Tank, SCV  
  113  9:18  Supply Depot  
  113  9:19  SCV  
  113  9:23  Infernal Pre-Igniter  
  114  9:26  Terran Vehicle And Ship Armor Level 2  
  114  9:41  Missile Turret x2  
  114  9:42  Siege Tank  
  114  9:43  Hellion x2  
  114  9:45  Siege Tank  
  124  9:49  Viking  
  126  9:59  Missile Turret, Command Center  
  123  10:05  Hellion  
  123  10:06  Hellion  
  127  10:10  Factory  
  127  10:11  Factory  
  127  10:15  Hellion  
  127  10:17  Smart Servos  
  127  10:18  Viking  
  127  10:19  Viking  
  133  10:24  Hellion  
  133  10:27  Hellion x2  
  139  10:29  Supply Depot  
  139  10:35  Barracks Reactor  
  139  10:36  Hellion  
  141  10:43  SCV x2  
  141  10:45  Hellion  
  141  10:48  Viking  
  141  10:49  Viking  
  149  10:52  Missile Turret  
  149  10:56  Factory Tech Lab  
  149  11:10  Terran Vehicle Weapons Level 3  
  149  11:11  Siege Tank, Hellion  
  149  11:12  Hellion  
  149  11:16  SCV, Hellion  
  149  11:18  Viking  
  157  11:19  Viking  
  157  11:24  SCV  
  160  11:27  Refinery  
  160  11:28  Siege Tank  
  160  11:29  Planetary Fortress  
  160  11:30  SCV  
  160  11:31  Refinery  
  159  11:33  Missile Turret, Hellion x2  
  159  11:38  Missile Turret, Hellion  
  165  11:43  SCV  
  165  11:44  Hellion  
  168  11:48  SCV  
  168  11:51  Viking  
  168  11:52  SCV  
  172  11:54  Hellion  
  172  11:55  Hellion  
  172  11:57  SCV  
  177  12:04  Siege Tank, Supply Depot  
  177  12:07  Siege Tank, Hellion  
  172  12:16  Hellion x2  
  158  12:26  Viking  
  158  12:28  Siege Tank  
  158  12:30  Viking  
  161  12:37  Hellion x3  
  161  12:39  Siege Tank  
  161  12:43  Liberator  
  162  12:56  Viking  
  162  12:58  Siege Tank, Hellion  
  157  12:59  Hellion  
  157  13:00  Siege Tank  
  163  13:11  Siege Tank  
  156  13:20  Hellion x2  
  156  13:26  Viking  
  158  13:33  Hellion  
  157  13:35  Thor  
  156  13:41  Hellion  
  154  13:55  Thor  
  135  13:58  Hellion  
  135  14:00  Hellion  
  127  14:03  Hellion  
  127  14:09  Hellion  
  114  14:11  Hellion  
  116  14:18  Hellion  
  116  14:20  Hellion  
  116  14:23  Hellion  
  119  14:27  Hellion  
  118  14:34  Thor x2  
  111  14:44  Siege Tank  
  111  14:45  Siege Tank  
  117  14:48  Hellion  
  117  14:49  Hellion  
  117  14:50  Orbital Command  
  118  14:57  Siege Tank  
  121  15:00  Hellion  
  115  15:07  Hellion  
  115  15:11  Orbital Command  
  117  15:17  Hellion  
  119  15:22  Hellion  
  119  15:24  Hellion  
  123  15:30  Hellion  
  123  15:32  Hellion  
  127  15:37  Hellion  
  127  15:39  Hellion  
  130  15:45  Hellion  
  132  15:50  Hellion  
  132  15:51  Hellion  
  132  15:56  Hellion  
  136  15:58  Hellion  
  136  16:02  Hellion  
  138  16:06  Hellion  
  136  16:14  Hellion  
  139  16:19  Hellion  
Show
View Real Time Build Order
Export as new Build Order

Clem Terran - Winner!

Build Orders:  

Get SALT Encoding   

  12  0:00  SCV  
  13  0:12  SCV  
  14  0:17  Supply Depot  
  14  0:24  SCV  
  15  0:28  Refinery  
  15  0:38  SCV  
  16  0:44  Barracks  
  16  0:50  SCV  
  17  0:57  Refinery  
  17  1:02  SCV  
  18  1:15  SCV  
  19  1:32  Orbital Command, Factory  
  19  1:34  Reaper  
  20  1:44  Supply Depot  
  20  1:57  SCV  
  21  2:07  Reaper  
  22  2:10  SCV  
  23  2:16  Hellion  
  25  2:26  Command Center  
  25  2:29  SCV  
  26  2:37  Hellion  
  26  2:42  Starport  
  28  2:45  SCV  
  28  2:50  Supply Depot  
  29  2:53  Barracks Tech Lab  
  29  2:57  SCV  
  30  3:14  Cyclone  
  30  3:15  SCV  
  30  3:16  Barracks Tech Lab  
  34  3:25  Refinery  
  35  3:27  SCV  
  35  3:38  Orbital Command  
  35  3:39  Raven  
  35  3:40  SCV  
  38  3:46  Cyclone  
  41  3:51  Barracks Reactor  
  41  3:52  SCV  
  39  4:05  SCV x2  
  39  4:07  Supply Depot  
  41  4:17  SCV x2  
  43  4:21  Raven  
  45  4:29  Marine x2, SCV x2  
  49  4:35  Siege Tank, Supply Depot  
  52  4:41  SCV x2  
  51  4:46  Marine x2  
  53  4:53  SCV x2  
  53  4:55  Command Center  
  55  5:05  SCV  
  56  5:07  Siege Tank  
  56  5:12  SCV  
  60  5:15  Viking x2  
  60  5:17  Marine, SCV  
  60  5:21  Stimpack  
  66  5:24  Supply Depot  
  66  5:27  Refinery, SCV  
  67  5:29  SCV  
  68  5:38  Marine  
  68  5:39  SCV  
  70  5:46  Siege Tank, SCV  
  74  5:50  Supply Depot  
  74  5:52  SCV  
  74  5:53  Viking  
  77  5:57  Supply Depot  
  77  5:59  Marine  
  78  6:06  Viking  
  78  6:07  SCV x2  
  78  6:08  Orbital Command  
  82  6:16  Marine  
  82  6:18  Siege Tank  
  86  6:19  SCV  
  86  6:23  Viking  
  89  6:29  SCV  
  89  6:31  SCV  
  91  6:36  Marine, Engineering Bay, Viking  
  91  6:37  Orbital Command, Engineering Bay  
  94  6:41  SCV  
  94  6:43  SCV  
  96  6:47  Supply Depot  
  96  6:51  Siege Tank  
  99  6:54  Marine  
  99  6:57  Liberator  
  99  6:58  Viking  
  99  7:00  SCV  
  104  7:03  Terran Infantry Weapons Level 1, Terran Infantry Armor Level 1  
  103  7:09  Barracks  
  103  7:12  Marine  
  103  7:14  Barracks  
  107  7:21  SCV, Supply Depot  
  107  7:22  SCV  
  109  7:25  SCV  
  109  7:29  Siege Tank  
  113  7:30  Marine  
  113  7:35  Viking  
  113  7:36  SCV  
  117  7:41  SCV  
  100  7:47  Marine  
  100  7:48  SCV  
  100  7:51  Combat Shield  
  93  7:55  Barracks  
  93  7:57  Barracks, Viking  
  95  7:58  Supply Depot  
  95  8:00  Barracks Reactor  
  95  8:01  SCV  
  95  8:05  SCV x2  
  96  8:08  Barracks Reactor  
  96  8:11  Siege Tank  
  99  8:13  SCV  
  99  8:15  Refinery  
  99  8:16  Refinery, Supply Depot  
  99  8:17  Marine, SCV  
  99  8:18  SCV  
  103  8:23  Armory  
  103  8:25  SCV  
  104  8:29  SCV  
  104  8:32  SCV  
  106  8:35  Marine  
  106  8:37  Marine, Factory  
  106  8:38  Marine  
  106  8:40  SCV  
  110  8:41  SCV  
  110  8:48  Marine x2, Barracks Reactor x2  
  109  8:53  Marine, Medivac x2  
  109  8:54  Command Center  
  115  8:58  Marine x2  
  115  9:00  Siege Tank  
  120  9:10  Marine x2  
  120  9:11  Marine  
  120  9:13  Terran Infantry Weapons Level 2  
  120  9:15  Supply Depot  
  123  9:17  Supply Depot  
  123  9:20  Marine x2  
  123  9:21  Factory Tech Lab  
  123  9:23  Supply Depot  
  125  9:24  Supply Depot  
  125  9:26  Viking  
  125  9:27  Viking  
  125  9:28  Marine x4  
  133  9:32  Supply Depot  
  133  9:37  Siege Tank, Marine x2  
  138  9:40  Marine x2  
  138  9:43  SCV x2  
  142  9:45  Terran Infantry Armor Level 2  
  142  9:47  Marine  
  142  9:50  Marine  
  142  9:52  SCV  
  144  9:55  SCV  
  144  9:56  Siege Tank  
  144  9:59  Marine x4  
  150  10:06  Viking x2  
  154  10:10  Concussive Shells  
  152  10:18  Barracks Tech Lab x2  
  152  10:25  Starport  
  152  10:26  Refinery  
  152  10:27  Refinery, Marauder, SCV x3  
  157  10:29  Starport  
  157  10:30  Planetary Fortress  
  157  10:35  Missile Turret  
  157  10:39  Marauder x2  
  161  10:43  Terran Vehicle And Ship Armor Level 1  
  161  10:44  SCV  
  161  10:46  Armory  
  161  10:48  Marauder  
  164  10:50  Marine x4  
  164  10:52  SCV  
  169  10:58  Viking  
  169  11:01  Marauder  
  172  11:07  Viking x3  
  172  11:09  Supply Depot  
  178  11:16  Command Center  
  176  11:27  Siege Tank x2  
  174  11:33  Marauder x3, Marine x4  
  174  11:35  Viking x2  
  174  11:38  Terran Ship Weapons Level 1  
  188  11:42  Terran Infantry Weapons Level 3  
  188  11:45  Viking  
  190  11:59  Viking x2  
  190  12:00  Starport  
  190  12:01  Fusion Core  
  187  12:08  Marine  
  187  12:09  Marine  
  187  12:10  Marauder x3  
  183  12:19  Viking  
  183  12:20  Viking  
  183  12:21  Viking  
  178  12:25  Siege Tank  
  178  12:28  Marine x3  
  182  12:31  Marauder x2  
  182  12:32  Planetary Fortress  
  182  12:33  Command Center  
  186  12:39  Starport Tech Lab  
  177  12:53  Viking x6  
  175  13:04  Terran Vehicle And Ship Armor Level 2  
  174  13:15  Viking  
  174  13:17  Neosteel Armor  
  174  13:18  Advanced Ballistics  
  170  13:22  Viking, Marauder x3  
  170  13:23  Marine x3  
  170  13:26  Viking  
  181  13:30  Marine  
  179  13:34  Viking x2  
  179  13:41  Marine  
  180  13:42  Terran Ship Weapons Level 2  
  180  13:43  Marauder x2  
  180  13:44  Marine x2  
  180  13:47  Marine  
  180  13:48  Marauder  
  175  13:58  Siege Tank, Marine  
  175  14:02  Marine x2  
  163  14:05  Marauder x2  
  163  14:08  Viking  
  163  14:09  Viking, Marauder  
  153  14:16  SCV  
  153  14:17  SCV  
  137  14:25  Viking x2  
  137  14:27  SCV  
  134  14:35  Marauder x3  
  134  14:36  SCV  
  138  14:43  SCV x3  
  142  14:48  SCV  
  142  14:52  Orbital Command  
  141  14:58  Medivac x2  
  141  14:59  Liberator  
  142  15:03  Marauder, Liberator  
  142  15:06  SCV  
  143  15:09  SCV  
  150  15:28  SCV  
  151  15:29  SCV  
  151  15:32  SCV  
  151  15:35  SCV x2  
  155  15:45  Viking x2  
  155  15:46  Viking  
  155  15:49  Marauder, Marine  
  163  16:00  SCV x2  
  163  16:01  SCV  
  160  16:13  Cyclone  
  160  16:14  SCV  
  168  16:30  SCV x5  
Tags
 
Add a new tag
Caveats
  • Supply blocks, unpowered buildings, or Contaminate may cause inaccurate times.
  • Supply counts are checked every 10 seconds.